[ AOE2 MATCH · #480488022 ]
UnrankedBritons vs Celts
[ REPLAY ANALYSIS · EXTRACTED FROM THE RECORDED GAME ]
Feudal
11:12
Castle
21:23
Imperial
38:43
| APM avg | 12.4 |
| APM peak | 34 |
| eAPM avg | 8.1 |
| Villagers / military | 56 / 72 |
Focus
⚔️ 36.2% · 🌾 63.8%
Longbowman ×72 · Trade Cart ×12
Feudal
11:12
Castle
16:03
Imperial
34:26
| APM avg | 12.2 |
| APM peak | 36 |
| eAPM avg | 8.7 |
| Villagers / military | 97 / 351 |
Focus
⚔️ 33.8% · 🌾 66.2%
Magyar Huszar ×221 · Cavalry Archer ×123 · Trebuchet (Packed) ×6 · Monk ×1
Feudal
12:48
Castle
18:47
Imperial
31:50
| APM avg | 13.4 |
| APM peak | 46 |
| eAPM avg | 9.2 |
| Villagers / military | 111 / 181 |
Focus
⚔️ 22.2% · 🌾 77.8%
Woad Raider ×171 · Trade Cart ×10 · Battering Ram ×6 · Trebuchet (Packed) ×3 · Monk ×1
Feudal
11:53
Castle
23:53
Imperial
35:33
| APM avg | 8.9 |
| APM peak | 15 |
| eAPM avg | 7.5 |
| Villagers / military | 110 / 113 |
Focus
⚔️ 31.9% · 🌾 68.1%
Teutonic Knight ×92 · Spearman ×12 · Trebuchet (Packed) ×9
Feudal
12:37
Castle
23:12
Imperial
42:10
| APM avg | 10.0 |
| APM peak | 51 |
| eAPM avg | 8.1 |
| Villagers / military | 64 / 195 |
Focus
⚔️ 23.6% · 🌾 76.4%
Skirmisher ×156 · Spearman ×29 · Fire Lancer ×10 · Trade Cart ×1
Feudal
11:34
Castle
15:29
Imperial
35:13
| APM avg | 18.6 |
| APM peak | 49 |
| eAPM avg | 12.6 |
| Villagers / military | 106 / 210 |
Focus
⚔️ 26.4% · 🌾 73.6%
Teutonic Knight ×198 · Bombard Cannon ×10 · Trade Cart ×9 · Trebuchet (Packed) ×2
Feudal
11:30
Castle
14:33
Imperial
30:16
| APM avg | 14.8 |
| APM peak | 49 |
| eAPM avg | 13.0 |
| Villagers / military | 220 / 217 |
Focus
⚔️ 30.4% · 🌾 69.6%
Scorpion ×90 · Battle Elephant ×57 · Scout Cavalry ×50 · Trebuchet (Packed) ×13 · Monk ×4 · Spearman ×3
Feudal
11:44
Castle
15:54
Imperial
38:20
| APM avg | 34.1 |
| APM peak | 99 |
| eAPM avg | 21.2 |
| Villagers / military | 99 / 79 |
Focus
⚔️ 21.0% · 🌾 79.0%
Skirmisher ×42 · War Elephant ×35 · Petard ×2
Match map
Initial resources + every placement click. Lines = walls · curves = elevation contours. ◆ gold · ⬟ stone · ● berries · ✦ relic · ◌ wall gap
Your base· ✓ Closed at 21:23 · 0t walls · 2 gate(s)
Zanarkand's base· ✓ Closed at 16:03 · 0t walls · 2 gate(s)
saahilrasheedh7092's base· ✓ Closed at 18:47 · 0t walls · 2 gate(s)
mick's base· ✓ Closed at 23:53 · 24t walls · 3 gate(s)
Izaya's base· ✓ Closed at 23:12 · 0t walls · 2 gate(s)
Xtasy's base· ✓ Closed at 15:29 · 0t walls · 2 gate(s)
BIZONADE's base· ✓ Closed at 14:33 · 0t walls · 2 gate(s)
Jack.'s base· ✓ Closed at 15:54 · 0t walls · 3 gate(s)
Smoothed initial terrain · ◌ = detected wall gap · hover for details
Inputs per minute
— Lanyco - - Zanarkand
Build order — Lanyco
First 150 of 231 actions detected
| 0:08 | Create | Villager (Male) |
| 0:09 | Research | Loom |
| 0:10 | Create | Villager (Male) |
| 0:10 | Create | Villager (Male) |
| 0:10 | Create | Villager (Male) |
| 0:56 | Build | House |
| 1:28 | Build | House |
| 1:58 | Build | House |
| 2:18 | Create | Villager (Male) |
| 2:19 | Create | Villager (Male) |
| 2:19 | Create | Villager (Male) |
| 2:32 | Build | House |
| 2:48 | Create | Villager (Male) |
| 2:48 | Create | Villager (Male) |
| 4:25 | Build | Mill |
| 4:34 | Create | Villager (Male) |
| 4:35 | Create | Villager (Male) |
| 4:35 | Create | Villager (Male) |
| 4:35 | Create | Villager (Male) |
| 4:35 | Create | Villager (Male) |
| 5:16 | Create | Villager (Male) |
| 5:16 | Create | Villager (Male) |
| 5:16 | Create | Villager (Male) |
| 7:39 | Build | Lumber Camp |
| 8:03 | Create | Villager (Male) |
| 9:02 | Research | Feudal Age |
| 9:18 | Build | House |
| 10:02 | Build | House |
| 10:14 | Create | Villager (Male) |
| 10:14 | Create | Villager (Male) |
| 10:14 | Create | Villager (Male) |
| 10:40 | Build | House |
| 11:10 | Build | Farm |
| 11:11 | Build | Farm |
| 11:12 | Age | Feudal Age |
| 11:13 | Build | Farm |
| 11:14 | Build | Farm |
| 11:17 | Build | Farm |
| 11:18 | Build | Farm |
| 11:20 | Build | Farm |
| 11:24 | Build | Farm |
| 11:58 | Build | House |
| 12:04 | Create | Villager (Male) |
| 12:05 | Create | Villager (Male) |
| 12:05 | Create | Villager (Male) |
| 12:05 | Create | Villager (Male) |
| 12:14 | Create | Villager (Male) |
| 12:14 | Create | Villager (Male) |
| 12:14 | Create | Villager (Male) |
| 12:15 | Create | Villager (Male) |
| 12:15 | Create | Villager (Male) |
| 12:26 | Build | House |
| 12:58 | Build | Mining Camp |
| 14:15 | Build | Blacksmith |
| 14:42 | Build | Mill |
| 14:46 | Create | Villager (Male) |
| 14:46 | Create | Villager (Male) |
| 14:47 | Create | Villager (Male) |
| 14:47 | Create | Villager (Male) |
| 14:58 | Research | Double-Bit Axe |
| 15:02 | Research | Horse Collar |
| 15:13 | Research | Gold Mining |
| 16:48 | Build | Mining Camp |
| 16:53 | Create | Villager (Male) |
| 16:54 | Create | Villager (Male) |
| 16:54 | Create | Villager (Male) |
| 16:54 | Create | Villager (Male) |
| 16:54 | Create | Villager (Male) |
| 17:28 | Build | Market |
| 18:18 | Create | Villager (Male) |
| 18:43 | Research | Castle Age |
| 19:34 | Build | Farm |
| 19:34 | Build | Farm |
| 19:34 | Build | Farm |
| 19:35 | Build | Farm |
| 19:35 | Build | Farm |
| 19:35 | Build | Farm |
| 19:36 | Build | Farm |
| 19:36 | Build | Farm |
| 20:00 | Research | Stone Mining |
| 20:30 | Build | Outpost |
| 20:36 | Build | Outpost |
| 20:55 | Create | Villager (Male) |
| 20:56 | Create | Villager (Male) |
| 20:56 | Create | Villager (Male) |
| 20:58 | Create | Villager (Male) |
| 20:58 | Create | Villager (Male) |
| 20:58 | Create | Villager (Male) |
| 20:58 | Create | Villager (Male) |
| 21:23 | Age | Castle Age |
| 21:34 | Build | University |
| 21:48 | Build | Outpost |
| 22:23 | Build | Mining Camp |
| 22:49 | Build | House |
| 22:51 | Build | House |
| 22:52 | Build | House |
| 23:35 | Build | Castle |
| 24:04 | Research | Fortified Wall (upgrade) |
| 25:56 | Create | Longbowman |
| 25:56 | Create | Longbowman |
| 25:56 | Create | Longbowman |
| 25:56 | Create | Longbowman |
| 25:57 | Create | Longbowman |
| 26:18 | Research | Ballistics |
| 26:53 | Build | Castle |
| 27:06 | Research | Murder Holes |
| 27:11 | Research | Fletching |
| 27:11 | Research | Padded Archer Armor |
| 27:35 | Create | Villager (Male) |
| 27:36 | Create | Villager (Male) |
| 27:36 | Create | Villager (Male) |
| 27:36 | Create | Villager (Male) |
| 27:36 | Create | Villager (Male) |
| 27:37 | Create | Villager (Male) |
| 27:37 | Create | Villager (Male) |
| 28:20 | Create | Longbowman |
| 28:20 | Create | Longbowman |
| 28:21 | Create | Longbowman |
| 28:21 | Create | Longbowman |
| 28:47 | Research | Gold Shaft Mining |
| 28:50 | Research | Bow Saw |
| 28:53 | Research | Heavy Plow |
| 29:23 | Create | Longbowman |
| 29:24 | Create | Longbowman |
| 29:24 | Create | Longbowman |
| 29:49 | Create | Longbowman |
| 30:16 | Create | Villager (Male) |
| 30:16 | Create | Villager (Male) |
| 30:55 | Create | Longbowman |
| 30:55 | Create | Longbowman |
| 30:56 | Create | Longbowman |
| 30:56 | Create | Longbowman |
| 30:56 | Create | Longbowman |
| 32:41 | Build | Stone Wall |
| 33:35 | Build | Gate |
| 33:48 | Build | Stone Wall |
| 34:24 | Build | House |
| 34:25 | Build | House |
| 34:27 | Build | House |
| 34:28 | Build | House |
| 34:29 | Build | House |
| 34:30 | Build | House |
| 34:31 | Build | House |
| 34:31 | Build | House |
| 35:18 | Create | Longbowman |
| 35:18 | Create | Longbowman |
| 35:18 | Create | Longbowman |
| 35:19 | Create | Longbowman |
| 35:19 | Create | Longbowman |
| 35:19 | Create | Longbowman |
Build order — Zanarkand
First 150 of 277 actions detected
| 0:04 | Build | House |
| 0:05 | Build | House |
| 0:07 | Create | Villager (Male) ×4 |
| 1:21 | Research | Loom |
| 2:12 | Create | Villager (Male) |
| 2:13 | Create | Villager (Male) |
| 2:31 | Create | Villager (Male) |
| 3:29 | Create | Villager (Male) |
| 3:51 | Create | Villager (Male) |
| 3:55 | Build | House |
| 3:57 | Build | House |
| 4:41 | Create | Villager (Male) |
| 5:00 | Build | House |
| 5:02 | Build | Lumber Camp |
| 5:16 | Create | Villager (Male) |
| 5:17 | Create | Villager (Male) |
| 5:18 | Create | Villager (Male) |
| 5:19 | Create | Villager (Male) |
| 5:29 | Build | Mill |
| 6:26 | Create | Villager (Male) |
| 6:27 | Create | Villager (Male) |
| 6:27 | Create | Villager (Male) |
| 8:12 | Create | Villager (Male) |
| 8:13 | Create | Villager (Male) |
| 8:44 | Build | Mining Camp |
| 9:01 | Research | Feudal Age |
| 10:15 | Create | Villager (Male) ×5 |
| 11:12 | Age | Feudal Age |
| 11:25 | Build | Market |
| 11:27 | Build | Blacksmith |
| 11:31 | Build | House |
| 13:23 | Research | Castle Age |
| 13:28 | Build | Mining Camp |
| 13:34 | Create | Villager (Male) |
| 15:19 | Create | Villager (Male) |
| 15:19 | Create | Villager (Male) |
| 15:41 | Build | House |
| 15:42 | Build | House |
| 15:44 | Build | House |
| 16:03 | Age | Castle Age |
| 16:05 | Build | Town Center |
| 16:12 | Build | Monastery |
| 16:21 | Research | Horse Collar |
| 16:24 | Create | Villager (Male) |
| 16:33 | Build | Farm |
| 16:58 | Build | Farm |
| 17:00 | Build | Farm |
| 17:01 | Build | Farm |
| 17:02 | Build | Farm |
| 17:04 | Build | Farm |
| 17:16 | Build | Farm |
| 17:18 | Create | Monk |
| 17:24 | Build | Farm |
| 17:47 | Build | Farm |
| 18:14 | Create | Villager (Male) |
| 18:17 | Create | Villager (Male) |
| 18:17 | Create | Villager (Male) |
| 18:45 | Build | Farm |
| 18:48 | Create | Villager (Male) |
| 18:52 | Create | Villager (Male) |
| 19:15 | Create | Villager (Male) |
| 19:18 | Build | Farm |
| 19:26 | Create | Villager (Male) |
| 19:35 | Build | House |
| 19:40 | Build | House |
| 19:46 | Build | Farm |
| 19:53 | Create | Villager (Male) |
| 19:53 | Create | Villager (Male) |
| 20:07 | Create | Villager (Male) |
| 20:08 | Build | Farm |
| 20:32 | Create | Villager (Male) |
| 20:37 | Build | Farm |
| 20:45 | Create | Villager (Male) |
| 20:46 | Create | Villager (Male) |
| 20:50 | Create | Villager (Male) |
| 20:54 | Create | Villager (Male) |
| 20:54 | Create | Villager (Male) |
| 20:55 | Create | Villager (Male) |
| 21:15 | Build | Farm |
| 21:23 | Build | Barracks |
| 21:31 | Build | Farm |
| 21:56 | Build | Farm |
| 22:09 | Create | Villager (Male) ×5 |
| 22:14 | Create | Villager (Male) |
| 22:15 | Create | Villager (Male) |
| 22:15 | Create | Villager (Male) |
| 22:18 | Build | Farm |
| 22:25 | Build | Castle |
| 22:44 | Build | House |
| 22:45 | Build | House |
| 22:51 | Build | Farm |
| 23:03 | Build | Archery Range |
| 23:04 | Build | Archery Range |
| 23:06 | Build | Archery Range |
| 23:12 | Build | Farm |
| 23:17 | Build | Farm |
| 23:25 | Research | Town Watch |
| 23:39 | Build | Farm |
| 23:50 | Build | Town Center |
| 23:56 | Create | Villager (Male) ×5 |
| 24:04 | Research | Wheelbarrow |
| 24:25 | Research | Double-Bit Axe |
| 24:38 | Research | Gold Mining |
| 24:42 | Research | Stone Mining |
| 25:03 | Create | Villager (Male) |
| 25:04 | Create | Villager (Male) |
| 25:04 | Create | Villager (Male) |
| 25:06 | Create | Villager (Male) |
| 25:30 | Build | Stable |
| 25:39 | Create | Villager (Male) ×5 |
| 25:54 | Build | House |
| 25:58 | Build | House |
| 26:10 | Create | Villager (Male) ×5 |
| 26:20 | Build | Mining Camp |
| 26:24 | Build | Farm |
| 26:29 | Build | Farm |
| 26:37 | Build | Farm |
| 26:46 | Research | Fletching |
| 26:50 | Build | Farm |
| 26:59 | Build | Farm |
| 27:08 | Research | Bloodlines |
| 27:15 | Build | Farm |
| 27:23 | Build | Farm |
| 27:31 | Create | Villager (Male) ×5 |
| 27:38 | Build | House |
| 27:39 | Build | House |
| 27:42 | Build | House |
| 27:43 | Build | House |
| 27:48 | Build | Farm |
| 27:51 | Build | Farm |
| 27:57 | Create | Villager (Male) ×5 |
| 28:10 | Build | University |
| 28:19 | Create | Villager (Male) ×5 |
| 28:22 | Research | Heavy Plow |
| 28:29 | Build | Farm |
| 28:34 | Build | House |
| 28:35 | Build | House |
| 28:37 | Build | House |
| 28:40 | Research | Gold Shaft Mining |
| 28:48 | Build | Farm |
| 28:51 | Research | Bow Saw |
| 28:57 | Build | Farm |
| 29:05 | Research | Husbandry |
| 29:13 | Build | Farm |
| 29:17 | Build | Farm |
| 29:41 | Build | Farm |
| 29:46 | Build | House |
| 29:50 | Build | Farm |
| 29:57 | Research | Town Patrol |
| 30:12 | Research | Ballistics |
Build order — saahilrasheedh7092
First 150 of 251 actions detected
| 0:02 | Create | Villager (Male) |
| 0:02 | Create | Villager (Male) |
| 0:02 | Create | Villager (Male) |
| 0:02 | Create | Villager (Male) |
| 0:03 | Create | Villager (Male) |
| 0:03 | Create | Villager (Male) |
| 0:05 | Build | House |
| 0:06 | Build | House |
| 0:08 | Build | House |
| 1:34 | Create | Villager (Male) |
| 1:34 | Create | Villager (Male) |
| 1:34 | Create | Villager (Male) |
| 2:07 | Create | Villager (Male) |
| 2:08 | Create | Villager (Male) |
| 2:08 | Create | Villager (Male) |
| 2:08 | Create | Villager (Male) |
| 2:16 | Create | Villager (Male) |
| 2:16 | Create | Villager (Male) |
| 2:16 | Create | Villager (Male) |
| 3:01 | Create | Villager (Male) |
| 3:02 | Create | Villager (Male) |
| 3:02 | Create | Villager (Male) |
| 3:02 | Create | Villager (Male) |
| 3:08 | Create | Villager (Male) |
| 3:09 | Create | Villager (Male) |
| 3:38 | Create | Villager (Male) |
| 3:38 | Create | Villager (Male) |
| 3:39 | Create | Villager (Male) |
| 3:53 | Create | Villager (Male) |
| 3:53 | Create | Villager (Male) |
| 3:53 | Create | Villager (Male) |
| 3:53 | Create | Villager (Male) |
| 5:05 | Create | Villager (Male) |
| 5:05 | Create | Villager (Male) |
| 5:05 | Create | Villager (Male) |
| 5:06 | Create | Villager (Male) |
| 5:06 | Create | Villager (Male) |
| 5:12 | Build | Mill |
| 5:36 | Build | House |
| 5:37 | Build | House |
| 6:27 | Create | Villager (Male) |
| 6:28 | Create | Villager (Male) |
| 6:51 | Create | Villager (Male) |
| 6:51 | Create | Villager (Male) |
| 6:55 | Create | Villager (Male) |
| 6:55 | Create | Villager (Male) |
| 6:55 | Create | Villager (Male) |
| 7:29 | Build | House |
| 7:32 | Build | House |
| 8:27 | Build | Lumber Camp |
| 8:41 | Create | Villager (Male) |
| 8:42 | Create | Villager (Male) |
| 8:48 | Create | Villager (Male) |
| 9:22 | Research | Feudal Age |
| 10:46 | Build | Mining Camp |
| 10:53 | Create | Villager (Male) ×5 |
| 11:06 | Build | Farm |
| 11:08 | Build | Farm |
| 11:11 | Build | Farm |
| 11:13 | Build | Farm |
| 11:16 | Build | Farm |
| 11:18 | Build | Farm |
| 11:20 | Build | Farm |
| 11:24 | Build | Farm |
| 11:31 | Build | Farm |
| 11:36 | Build | Farm |
| 11:38 | Build | Farm |
| 11:40 | Build | Farm |
| 11:43 | Build | Farm |
| 11:45 | Build | Farm |
| 11:48 | Build | Farm |
| 11:51 | Build | Farm |
| 11:54 | Build | Farm |
| 11:56 | Build | Farm |
| 11:57 | Build | Farm |
| 11:58 | Build | Farm |
| 11:59 | Build | Farm |
| 12:01 | Build | Farm |
| 12:48 | Age | Feudal Age |
| 12:55 | Build | Market |
| 12:59 | Build | Blacksmith |
| 13:13 | Research | Double-Bit Axe |
| 13:14 | Research | Horse Collar |
| 13:53 | Build | Farm |
| 13:55 | Build | Farm |
| 13:56 | Build | Farm |
| 14:05 | Build | House |
| 14:09 | Build | House |
| 14:32 | Build | Farm |
| 14:33 | Build | Farm |
| 15:05 | Build | Farm |
| 15:07 | Build | Farm |
| 15:35 | Build | Farm |
| 15:37 | Build | Farm |
| 16:07 | Research | Castle Age |
| 16:08 | Research | Castle Age |
| 16:12 | Research | Gold Mining |
| 17:11 | Build | Outpost |
| 17:23 | Build | Outpost |
| 17:31 | Build | Outpost |
| 17:57 | Create | Villager (Male) ×5 |
| 18:03 | Create | Villager (Male) ×5 |
| 18:46 | Research | Town Watch |
| 18:47 | Age | Castle Age |
| 18:50 | Research | Bow Saw |
| 18:53 | Research | Heavy Plow |
| 19:00 | Build | Town Center |
| 19:21 | Build | House |
| 19:22 | Build | House |
| 19:24 | Build | House |
| 19:26 | Build | House |
| 19:35 | Build | University |
| 19:46 | Build | Mining Camp |
| 19:54 | Create | Villager (Male) ×5 |
| 19:54 | Create | Villager (Male) ×5 |
| 20:35 | Research | Stone Mining |
| 20:38 | Research | Gold Shaft Mining |
| 20:43 | Research | Fortified Wall (upgrade) |
| 21:25 | Build | Town Center |
| 22:06 | Research | Stone Shaft Mining |
| 22:24 | Create | Villager (Male) ×5 |
| 22:52 | Build | Monastery |
| 23:10 | Create | Villager (Male) ×5 |
| 23:12 | Create | Villager (Male) ×5 |
| 23:23 | Research | Loom |
| 23:25 | Create | Villager (Male) ×3 |
| 23:39 | Create | Monk |
| 24:18 | Research | Wheelbarrow |
| 24:34 | Build | Farm |
| 24:35 | Build | Farm |
| 24:36 | Build | Farm |
| 24:38 | Build | Farm |
| 24:39 | Build | Farm |
| 25:59 | Build | Farm |
| 26:01 | Build | Farm |
| 26:03 | Build | Farm |
| 26:04 | Build | Farm |
| 26:06 | Build | Farm |
| 26:22 | Build | Castle |
| 26:38 | Research | Town Patrol |
| 26:49 | Research | Caravan |
| 26:52 | Create | Trade Cart ×5 |
| 27:32 | Build | Stone Wall |
| 27:42 | Build | Town Center |
| 27:52 | Create | Villager (Male) ×5 |
| 27:54 | Build | House |
| 27:55 | Build | House |
| 27:58 | Build | House |
| 27:59 | Build | House |
| 28:11 | Build | House |
Build order — mick
First 150 of 213 actions detected
| 0:03 | Create | Villager (Male) ×4 |
| 0:10 | Build | House |
| 0:11 | Build | House |
| 1:46 | Create | Villager (Male) |
| 1:46 | Create | Villager (Male) |
| 1:59 | Research | Loom |
| 2:19 | Build | Mill |
| 2:25 | Create | Villager (Male) |
| 2:45 | Create | Villager (Male) |
| 3:16 | Create | Villager (Male) |
| 3:32 | Create | Villager (Male) |
| 3:59 | Create | Villager (Male) |
| 4:08 | Build | House |
| 4:09 | Build | House |
| 4:13 | Create | Villager (Male) |
| 4:14 | Create | Villager (Male) |
| 4:49 | Create | Villager (Male) ×2 |
| 5:33 | Create | Villager (Male) ×2 |
| 5:55 | Build | Lumber Camp |
| 6:30 | Create | Villager (Male) ×4 |
| 8:10 | Build | Mill |
| 8:20 | Create | Villager (Male) |
| 8:47 | Create | Villager (Male) |
| 9:00 | Build | House |
| 9:00 | Build | House |
| 9:18 | Create | Villager (Male) |
| 9:41 | Research | Feudal Age |
| 10:16 | Build | Mill |
| 11:53 | Age | Feudal Age |
| 11:59 | Research | Wheelbarrow |
| 12:05 | Research | Double-Bit Axe |
| 12:09 | Research | Horse Collar |
| 12:14 | Create | Villager (Male) |
| 12:56 | Create | Villager (Male) ×3 |
| 13:19 | Build | Mining Camp |
| 13:48 | Build | Blacksmith |
| 13:58 | Build | Market |
| 14:32 | Build | Mill |
| 14:53 | Create | Villager (Male) |
| 14:54 | Create | Villager (Male) |
| 15:05 | Build | Mining Camp |
| 15:44 | Create | Villager (Male) |
| 15:45 | Create | Villager (Male) |
| 15:50 | Create | Villager (Male) |
| 16:22 | Create | Villager (Male) |
| 16:22 | Create | Villager (Male) |
| 16:34 | Build | Farm |
| 16:35 | Build | Farm |
| 16:36 | Build | Farm |
| 16:37 | Build | Farm |
| 16:58 | Build | Watch Tower |
| 17:49 | Build | Mining Camp |
| 17:56 | Build | House |
| 17:57 | Build | House |
| 18:37 | Create | Villager (Male) |
| 18:53 | Create | Villager (Male) |
| 18:53 | Create | Villager (Male) |
| 19:02 | Build | Farm |
| 19:03 | Build | Farm |
| 19:04 | Build | Farm |
| 19:06 | Build | Farm |
| 19:07 | Build | Farm |
| 19:56 | Create | Villager (Male) |
| 19:57 | Create | Villager (Male) |
| 20:30 | Create | Villager (Male) |
| 20:35 | Build | House |
| 20:36 | Build | House |
| 21:12 | Research | Castle Age |
| 22:06 | Build | Lumber Camp |
| 22:37 | Build | Stone Wall |
| 22:42 | Create | Villager (Male) ×5 |
| 22:56 | Research | Stone Mining |
| 22:57 | Research | Gold Mining |
| 23:12 | Build | Gate |
| 23:53 | Age | Castle Age |
| 24:04 | Build | Town Center |
| 24:18 | Build | Castle |
| 24:51 | Research | Hand Cart |
| 25:01 | Create | Villager (Male) ×5 |
| 25:55 | Build | Barracks |
| 26:01 | Create | Villager (Male) ×5 |
| 26:20 | Create | Spearman |
| 26:20 | Create | Spearman |
| 26:37 | Research | Heavy Plow |
| 26:55 | Research | Bow Saw |
| 27:45 | Create | Teutonic Knight ×2 |
| 28:04 | Create | Spearman |
| 28:04 | Create | Spearman |
| 28:30 | Build | Farm |
| 28:31 | Build | Farm |
| 28:32 | Build | Farm |
| 28:39 | Create | Spearman ×4 |
| 28:39 | Create | Spearman ×4 |
| 29:24 | Build | Mill |
| 29:29 | Create | Villager (Male) ×3 |
| 30:11 | Build | Town Center |
| 30:18 | Build | Farm |
| 30:19 | Build | Farm |
| 30:19 | Build | Farm |
| 30:21 | Build | Farm |
| 30:22 | Build | Farm |
| 30:23 | Build | Farm |
| 30:25 | Build | Farm |
| 30:27 | Build | Farm |
| 30:33 | Create | Villager (Male) ×5 |
| 30:56 | Create | Teutonic Knight |
| 31:10 | Build | Castle |
| 31:23 | Create | Teutonic Knight ×2 |
| 31:44 | Build | Farm |
| 31:45 | Build | Farm |
| 31:49 | Create | Villager (Male) ×3 |
| 32:23 | Research | Imperial Age |
| 32:36 | Build | Town Center |
| 32:48 | Create | Villager (Male) ×5 |
| 33:04 | Build | Barracks |
| 33:04 | Build | Barracks |
| 33:06 | Build | Barracks |
| 33:11 | Research | Forging |
| 33:16 | Create | Villager (Male) ×2 |
| 33:32 | Build | Blacksmith |
| 33:33 | Build | Blacksmith |
| 33:43 | Create | Villager (Male) ×5 |
| 33:56 | Create | Villager (Male) ×2 |
| 34:06 | Build | Farm |
| 34:07 | Build | Farm |
| 34:08 | Build | Farm |
| 34:10 | Build | Farm |
| 34:11 | Build | Farm |
| 34:13 | Build | Farm |
| 34:18 | Build | Mill |
| 34:26 | Create | Villager (Male) ×5 |
| 34:48 | Create | Teutonic Knight ×2 |
| 35:03 | Build | House |
| 35:04 | Build | House |
| 35:05 | Build | House |
| 35:06 | Build | House |
| 35:07 | Build | House |
| 35:09 | Build | House |
| 35:12 | Build | University |
| 35:16 | Create | Villager (Male) ×3 |
| 35:25 | Create | Teutonic Knight ×2 |
| 35:25 | Create | Teutonic Knight ×2 |
| 35:33 | Age | Imperial Age |
| 35:42 | Create | Teutonic Knight |
| 35:55 | Create | Teutonic Knight ×2 |
| 36:05 | Create | Villager (Male) |
| 36:23 | Create | Trebuchet (Packed) |
| 36:23 | Create | Trebuchet (Packed) |
| 36:35 | Create | Villager (Male) ×5 |
| 36:51 | Research | Two-Man Saw |
Build order — Izaya
First 150 of 175 actions detected
| 0:08 | Build | House |
| 0:09 | Build | House |
| 0:32 | Create | Villager (Male) ×4 |
| 0:33 | Research | Loom |
| 0:39 | Build | House |
| 0:42 | Build | House |
| 2:51 | Create | Villager (Male) ×2 |
| 4:15 | Build | Lumber Camp |
| 4:22 | Create | Villager (Male) ×3 |
| 5:13 | Create | Villager (Male) ×4 |
| 7:04 | Build | Mill |
| 10:27 | Research | Feudal Age |
| 10:31 | Create | Villager (Male) ×3 |
| 11:33 | Create | Villager (Male) ×3 |
| 12:10 | Build | Farm |
| 12:11 | Build | Farm |
| 12:11 | Build | Farm |
| 12:12 | Build | Farm |
| 12:14 | Build | Farm |
| 12:15 | Build | Farm |
| 12:15 | Build | Farm |
| 12:16 | Build | Farm |
| 12:37 | Age | Feudal Age |
| 12:42 | Research | Horse Collar |
| 13:01 | Research | Double-Bit Axe |
| 13:18 | Build | Market |
| 13:25 | Build | Blacksmith |
| 13:36 | Build | Barracks |
| 13:46 | Build | House |
| 13:49 | Build | House |
| 13:50 | Build | House |
| 13:52 | Build | House |
| 13:54 | Build | House |
| 13:56 | Build | House |
| 14:47 | Research | Wheelbarrow |
| 15:04 | Create | Trade Cart |
| 15:51 | Research | Forging |
| 15:58 | Create | Villager (Male) |
| 16:09 | Build | Farm |
| 16:42 | Build | Mining Camp |
| 17:18 | Create | Spearman ×5 |
| 17:40 | Research | Padded Archer Armor |
| 17:57 | Create | Villager (Male) ×3 |
| 18:19 | Research | Gold Mining |
| 18:43 | Build | Outpost |
| 20:32 | Research | Castle Age |
| 20:59 | Build | Archery Range |
| 21:03 | Build | Archery Range |
| 21:04 | Build | Archery Range |
| 21:07 | Build | Archery Range |
| 21:09 | Build | Archery Range |
| 21:46 | Build | Farm |
| 21:54 | Research | Arson |
| 22:42 | Build | Archery Range |
| 22:53 | Create | Villager (Male) ×5 |
| 23:12 | Age | Castle Age |
| 23:19 | Research | Squires |
| 23:20 | Research | Pikeman (upgrade) |
| 24:05 | Build | University |
| 24:13 | Build | Monastery |
| 25:17 | Create | Skirmisher ×2 |
| 25:40 | Research | Hand Cart |
| 26:18 | Build | Lumber Camp |
| 26:25 | Create | Villager (Male) ×5 |
| 27:12 | Build | Stone Wall |
| 27:22 | Research | Elite Skirmisher (upgrade) |
| 27:36 | Create | Villager (Male) ×5 |
| 28:00 | Build | Town Center |
| 28:04 | Build | Farm |
| 28:05 | Build | Farm |
| 28:07 | Build | Farm |
| 28:11 | Build | Farm |
| 28:50 | Research | Heavy Plow |
| 28:55 | Research | Bow Saw |
| 29:02 | Research | Ballistics |
| 29:15 | Research | Fletching |
| 30:24 | Build | Barracks |
| 30:27 | Build | Barracks |
| 30:35 | Build | Farm |
| 30:38 | Create | Villager (Male) |
| 30:38 | Create | Villager (Male) ×5 |
| 31:06 | Create | Fire Lancer ×5 |
| 31:08 | Create | Spearman ×5 |
| 31:20 | Create | Skirmisher ×4 |
| 31:48 | Build | Farm |
| 31:49 | Build | Farm |
| 32:48 | Build | Archery Range |
| 32:58 | Research | Caravan |
| 33:33 | Build | House |
| 33:37 | Build | House |
| 33:44 | Build | House |
| 34:11 | Create | Spearman ×5 |
| 34:13 | Create | Fire Lancer ×5 |
| 34:14 | Create | Spearman ×5 |
| 34:15 | Create | Spearman ×3 |
| 34:16 | Create | Spearman |
| 34:59 | Create | Villager (Male) ×5 |
| 35:01 | Create | Villager (Male) |
| 35:05 | Create | Villager (Male) ×4 |
| 36:08 | Build | House |
| 36:14 | Build | House |
| 36:20 | Build | House |
| 36:22 | Build | House |
| 36:32 | Build | House |
| 36:33 | Build | House |
| 36:35 | Build | House |
| 36:40 | Build | Farm |
| 37:46 | Build | House |
| 37:47 | Build | House |
| 37:48 | Build | House |
| 37:52 | Build | House |
| 37:56 | Build | House |
| 37:57 | Build | House |
| 37:59 | Build | House |
| 38:01 | Build | House |
| 38:01 | Build | House |
| 38:03 | Build | House |
| 38:07 | Build | House |
| 38:09 | Build | House |
| 38:10 | Build | House |
| 38:11 | Build | House |
| 39:00 | Research | Imperial Age |
| 40:29 | Build | Archery Range |
| 40:31 | Build | Archery Range |
| 40:32 | Build | Archery Range |
| 40:46 | Create | Skirmisher ×5 |
| 40:46 | Create | Skirmisher ×5 |
| 40:47 | Create | Skirmisher ×5 |
| 40:47 | Create | Skirmisher ×5 |
| 40:48 | Create | Skirmisher ×5 |
| 40:48 | Create | Skirmisher ×5 |
| 40:49 | Create | Skirmisher ×5 |
| 40:49 | Create | Skirmisher ×5 |
| 42:10 | Age | Imperial Age |
| 42:59 | Build | Archery Range |
| 43:04 | Research | Imperial Skirmisher (upgrade) |
| 43:56 | Build | Archery Range |
| 44:07 | Create | Skirmisher ×5 |
| 44:09 | Create | Skirmisher ×5 |
| 44:10 | Create | Skirmisher ×5 |
| 44:10 | Create | Skirmisher ×5 |
| 44:11 | Create | Skirmisher ×5 |
| 44:11 | Create | Skirmisher ×5 |
| 44:12 | Create | Skirmisher ×5 |
| 44:12 | Create | Skirmisher ×5 |
| 44:13 | Create | Skirmisher ×5 |
| 44:13 | Create | Skirmisher ×5 |
| 45:41 | Create | Villager (Male) ×5 |
| 45:42 | Create | Villager (Male) ×5 |
| 45:57 | Build | Farm |
Build order — Xtasy
First 150 of 325 actions detected
| 0:01 | Create | Villager (Male) |
| 0:02 | Create | Villager (Male) |
| 0:02 | Create | Villager (Male) |
| 0:02 | Create | Villager (Male) |
| 0:03 | Build | House |
| 0:05 | Build | House |
| 2:05 | Build | Lumber Camp |
| 2:11 | Create | Villager (Male) |
| 2:12 | Create | Villager (Male) |
| 2:12 | Create | Villager (Male) |
| 2:52 | Create | Villager (Male) |
| 2:52 | Create | Villager (Male) |
| 3:31 | Build | House |
| 4:23 | Build | Mill |
| 4:24 | Create | Villager (Male) |
| 4:24 | Create | Villager (Male) |
| 4:24 | Create | Villager (Male) |
| 4:24 | Create | Villager (Male) |
| 4:25 | Create | Villager (Male) |
| 4:53 | Create | Villager (Male) |
| 6:16 | Create | Villager (Male) |
| 6:16 | Create | Villager (Male) |
| 6:16 | Create | Villager (Male) |
| 6:32 | Create | Villager (Male) |
| 7:20 | Build | House |
| 7:34 | Create | Villager (Male) |
| 7:34 | Create | Villager (Male) |
| 7:34 | Create | Villager (Male) |
| 8:46 | Build | Mining Camp |
| 8:53 | Research | Feudal Age |
| 9:15 | Build | Farm |
| 9:19 | Build | Farm |
| 9:22 | Build | Farm |
| 10:37 | Create | Villager (Male) |
| 10:37 | Create | Villager (Male) |
| 11:34 | Age | Feudal Age |
| 11:37 | Build | Market |
| 11:41 | Build | Blacksmith |
| 12:11 | Research | Loom |
| 12:33 | Build | Farm |
| 12:38 | Research | Castle Age |
| 12:45 | Build | Farm |
| 13:49 | Build | Mining Camp |
| 13:55 | Research | Double-Bit Axe |
| 13:56 | Research | Horse Collar |
| 14:08 | Build | Farm |
| 14:18 | Build | Farm |
| 14:40 | Build | Farm |
| 14:57 | Research | Wheelbarrow |
| 15:29 | Age | Castle Age |
| 15:30 | Research | Bow Saw |
| 15:40 | Build | Town Center |
| 16:04 | Research | Heavy Plow |
| 16:21 | Create | Villager (Male) |
| 16:44 | Build | Lumber Camp |
| 16:51 | Build | House |
| 16:56 | Create | Villager (Male) |
| 16:56 | Create | Villager (Male) |
| 17:13 | Build | House |
| 17:14 | Build | House |
| 17:15 | Build | House |
| 17:16 | Build | House |
| 17:20 | Create | Villager (Male) |
| 17:20 | Create | Villager (Male) |
| 17:20 | Create | Villager (Male) |
| 17:25 | Build | Farm |
| 17:51 | Create | Villager (Male) |
| 17:51 | Create | Villager (Male) |
| 18:05 | Build | Farm |
| 18:09 | Create | Villager (Male) |
| 18:09 | Create | Villager (Male) |
| 18:09 | Create | Villager (Male) |
| 18:37 | Create | Villager (Male) |
| 18:38 | Create | Villager (Male) |
| 18:38 | Create | Villager (Male) |
| 18:46 | Build | Farm |
| 18:50 | Build | Farm |
| 18:53 | Build | Farm |
| 19:00 | Create | Villager (Male) |
| 19:11 | Build | Farm |
| 19:14 | Build | Farm |
| 19:16 | Create | Villager (Male) |
| 19:16 | Create | Villager (Male) |
| 19:17 | Create | Villager (Male) |
| 19:29 | Create | Villager (Male) |
| 19:34 | Build | Farm |
| 19:37 | Build | Farm |
| 19:40 | Build | Farm |
| 19:45 | Build | Farm |
| 19:51 | Build | Farm |
| 19:53 | Create | Villager (Male) |
| 19:53 | Create | Villager (Male) |
| 20:15 | Create | Villager (Male) |
| 20:15 | Create | Villager (Male) |
| 20:15 | Create | Villager (Male) |
| 20:39 | Build | House |
| 20:41 | Build | House |
| 20:42 | Build | House |
| 20:43 | Build | House |
| 21:02 | Build | Town Center |
| 21:07 | Create | Villager (Male) |
| 21:07 | Create | Villager (Male) |
| 21:13 | Research | Hand Cart |
| 21:17 | Research | Town Watch |
| 21:18 | Create | Villager (Male) |
| 21:19 | Create | Villager (Male) |
| 22:01 | Create | Villager (Male) |
| 22:02 | Create | Villager (Male) |
| 22:12 | Research | Town Patrol |
| 22:13 | Create | Villager (Male) |
| 22:14 | Create | Villager (Male) |
| 22:50 | Build | Mill |
| 22:53 | Build | Farm |
| 22:54 | Create | Villager (Male) |
| 22:55 | Create | Villager (Male) |
| 22:59 | Build | Farm |
| 23:04 | Build | Farm |
| 23:07 | Build | Farm |
| 23:10 | Build | Farm |
| 23:11 | Create | Villager (Male) |
| 23:12 | Create | Villager (Male) |
| 23:12 | Create | Villager (Male) |
| 23:16 | Research | Gold Mining |
| 23:16 | Research | Stone Mining |
| 23:19 | Research | Stone Mining |
| 23:45 | Build | Market |
| 23:48 | Create | Villager (Male) |
| 23:49 | Create | Villager (Male) |
| 23:52 | Research | Caravan |
| 23:53 | Create | Trade Cart |
| 24:07 | Create | Villager (Male) |
| 24:07 | Create | Villager (Male) |
| 24:29 | Build | House |
| 24:31 | Build | House |
| 24:33 | Build | House |
| 25:10 | Build | Gate |
| 25:15 | Create | Villager (Male) |
| 25:16 | Create | Villager (Male) |
| 25:17 | Create | Villager (Male) |
| 25:31 | Build | Castle |
| 25:43 | Build | Barracks |
| 25:50 | Create | Villager (Male) |
| 25:50 | Create | Villager (Male) |
| 25:53 | Build | Farm |
| 25:57 | Create | Villager (Male) |
| 25:57 | Create | Villager (Male) |
| 26:00 | Create | Villager (Male) |
| 26:00 | Create | Villager (Male) |
| 26:04 | Create | Trade Cart |
| 26:05 | Create | Trade Cart |
Build order — BIZONADE
First 150 of 343 actions detected
| 0:08 | Build | House |
| 0:09 | Create | Villager (Male) |
| 0:09 | Create | Villager (Male) |
| 0:09 | Create | Villager (Male) |
| 0:10 | Create | Villager (Male) |
| 0:40 | Build | Mill |
| 0:48 | Build | House |
| 0:52 | Build | House |
| 0:56 | Build | House |
| 1:35 | Create | Villager (Male) |
| 2:22 | Create | Villager (Male) |
| 2:41 | Create | Villager (Male) |
| 3:12 | Create | Villager (Male) |
| 3:20 | Build | Mill |
| 3:30 | Create | Villager (Male) |
| 4:00 | Create | Villager (Male) |
| 4:01 | Create | Villager (Male) |
| 4:26 | Create | Villager (Male) |
| 4:27 | Create | Villager (Male) |
| 4:46 | Create | Villager (Male) |
| 4:46 | Create | Villager (Male) |
| 4:47 | Create | Villager (Male) |
| 5:15 | Create | Villager (Male) |
| 5:16 | Create | Villager (Male) |
| 5:16 | Create | Villager (Male) |
| 5:53 | Create | Villager (Male) |
| 5:54 | Create | Villager (Male) |
| 5:54 | Create | Villager (Male) |
| 6:07 | Create | Villager (Male) |
| 6:08 | Create | Villager (Male) |
| 6:23 | Create | Villager (Male) |
| 6:23 | Create | Villager (Male) |
| 7:10 | Build | Mining Camp |
| 7:16 | Create | Villager (Male) |
| 7:16 | Create | Villager (Male) |
| 7:16 | Create | Villager (Male) |
| 7:17 | Create | Villager (Male) |
| 7:17 | Create | Villager (Male) |
| 9:20 | Research | Feudal Age |
| 9:22 | Create | Villager (Male) |
| 9:22 | Create | Villager (Male) |
| 9:22 | Create | Villager (Male) |
| 9:23 | Create | Villager (Male) |
| 9:23 | Create | Villager (Male) |
| 10:13 | Build | Lumber Camp |
| 11:24 | Build | Mining Camp |
| 11:30 | Age | Feudal Age |
| 11:45 | Build | Farm |
| 11:47 | Build | Farm |
| 11:53 | Research | Castle Age |
| 12:13 | Build | Farm |
| 12:14 | Build | Farm |
| 12:14 | Build | Farm |
| 12:17 | Build | Farm |
| 12:48 | Research | Double-Bit Axe |
| 13:06 | Research | Horse Collar |
| 13:59 | Create | Villager (Male) |
| 13:59 | Create | Villager (Male) |
| 14:00 | Create | Villager (Male) |
| 14:12 | Build | House |
| 14:14 | Build | House |
| 14:16 | Build | House |
| 14:20 | Build | House |
| 14:21 | Build | House |
| 14:23 | Build | House |
| 14:33 | Age | Castle Age |
| 14:43 | Build | Town Center |
| 14:51 | Create | Villager (Male) |
| 14:51 | Create | Villager (Male) |
| 14:51 | Create | Villager (Male) |
| 15:57 | Build | Monastery |
| 16:16 | Create | Villager (Male) ×4 |
| 16:28 | Create | Villager (Male) ×4 |
| 16:42 | Build | Farm |
| 16:42 | Build | Farm |
| 16:43 | Build | Farm |
| 16:44 | Build | Farm |
| 16:45 | Build | Farm |
| 16:48 | Create | Monk |
| 18:04 | Create | Villager (Male) ×5 |
| 18:04 | Create | Villager (Male) ×5 |
| 18:04 | Create | Villager (Male) ×5 |
| 18:19 | Build | Town Center |
| 18:29 | Research | Loom |
| 19:02 | Create | Villager (Male) ×5 |
| 19:02 | Create | Villager (Male) ×5 |
| 19:02 | Create | Villager (Male) ×5 |
| 19:43 | Create | Monk |
| 19:54 | Build | Farm |
| 19:55 | Build | Farm |
| 19:56 | Build | Farm |
| 19:56 | Build | Farm |
| 19:57 | Build | Farm |
| 19:59 | Build | Farm |
| 20:00 | Build | Farm |
| 20:02 | Build | Farm |
| 20:06 | Create | Villager (Male) ×5 |
| 20:06 | Create | Villager (Male) ×5 |
| 20:30 | Build | Barracks |
| 20:36 | Build | House |
| 20:38 | Build | House |
| 20:39 | Build | House |
| 20:51 | Create | Villager (Male) ×4 |
| 20:51 | Create | Villager (Male) ×4 |
| 21:13 | Build | Town Center |
| 21:45 | Create | Villager (Male) ×5 |
| 21:45 | Create | Villager (Male) ×5 |
| 21:46 | Create | Villager (Male) ×3 |
| 21:56 | Create | Spearman |
| 21:57 | Create | Spearman |
| 21:57 | Create | Spearman |
| 22:04 | Build | House |
| 22:09 | Build | House |
| 22:37 | Research | Pikeman (upgrade) |
| 22:53 | Create | Villager (Male) ×4 |
| 22:54 | Create | Villager (Male) ×4 |
| 23:05 | Build | Farm |
| 23:06 | Build | Farm |
| 23:06 | Build | Farm |
| 23:07 | Build | Farm |
| 23:08 | Build | Farm |
| 23:09 | Build | Farm |
| 23:10 | Build | Farm |
| 23:13 | Create | Villager (Male) ×3 |
| 23:14 | Create | Villager (Male) ×3 |
| 23:28 | Build | Farm |
| 23:29 | Build | Farm |
| 23:30 | Build | Farm |
| 23:35 | Build | Farm |
| 23:37 | Build | Farm |
| 23:38 | Build | Farm |
| 23:39 | Build | Farm |
| 23:52 | Create | Villager (Male) ×5 |
| 23:53 | Create | Villager (Male) ×5 |
| 24:11 | Build | Farm |
| 24:16 | Research | Heavy Plow |
| 24:20 | Build | House |
| 24:23 | Build | House |
| 24:33 | Build | House |
| 24:38 | Build | House |
| 24:39 | Build | House |
| 24:41 | Build | House |
| 24:42 | Build | House |
| 24:46 | Create | Villager (Male) ×5 |
| 24:46 | Create | Villager (Male) ×5 |
| 24:46 | Create | Villager (Male) ×2 |
| 24:47 | Create | Villager (Male) ×2 |
| 24:58 | Build | Farm |
| 25:03 | Research | Bow Saw |
| 25:18 | Create | Monk |
Build order — Jack.
First 150 of 289 actions detected
| 0:04 | Build | House |
| 0:05 | Create | Villager (Male) |
| 0:05 | Create | Villager (Male) |
| 0:05 | Create | Villager (Male) |
| 0:05 | Create | Villager (Male) |
| 0:06 | Create | Villager (Male) |
| 0:10 | Build | House |
| 1:25 | Create | Villager (Male) |
| 2:16 | Create | Villager (Male) |
| 2:16 | Create | Villager (Male) |
| 2:23 | Build | Lumber Camp |
| 2:39 | Create | Villager (Male) |
| 3:14 | Create | Villager (Male) |
| 3:14 | Create | Villager (Male) |
| 4:08 | Build | House |
| 4:24 | Create | Villager (Male) |
| 4:24 | Create | Villager (Male) |
| 4:36 | Build | House |
| 5:21 | Build | Mill |
| 5:36 | Create | Villager (Male) |
| 5:36 | Create | Villager (Male) |
| 5:37 | Create | Villager (Male) |
| 6:39 | Create | Villager (Male) |
| 6:48 | Create | Villager (Male) |
| 6:48 | Create | Villager (Male) |
| 6:49 | Create | Villager (Male) |
| 6:49 | Create | Villager (Male) |
| 7:27 | Create | Villager (Male) |
| 7:28 | Create | Villager (Male) |
| 7:28 | Create | Villager (Male) |
| 7:34 | Build | Mining Camp |
| 8:33 | Build | Mining Camp |
| 9:41 | Research | Feudal Age |
| 11:44 | Age | Feudal Age |
| 11:50 | Build | Blacksmith |
| 11:54 | Build | Market |
| 13:29 | Research | Castle Age |
| 13:57 | Research | Horse Collar |
| 14:21 | Build | Farm |
| 14:22 | Build | Farm |
| 14:24 | Build | Farm |
| 14:24 | Build | Farm |
| 14:26 | Build | Farm |
| 14:28 | Build | Farm |
| 14:33 | Research | Double-Bit Axe |
| 14:41 | Build | Farm |
| 14:42 | Build | Farm |
| 14:43 | Build | Farm |
| 14:44 | Build | Farm |
| 14:45 | Build | Farm |
| 14:46 | Build | Farm |
| 15:48 | Build | Farm |
| 15:54 | Age | Castle Age |
| 16:05 | Create | Villager (Male) |
| 16:05 | Create | Villager (Male) |
| 16:06 | Create | Villager (Male) |
| 16:06 | Create | Villager (Male) |
| 16:06 | Create | Villager (Male) |
| 16:07 | Create | Villager (Male) |
| 16:18 | Build | House |
| 16:19 | Build | House |
| 16:20 | Build | House |
| 16:21 | Build | House |
| 16:45 | Build | Castle |
| 16:59 | Build | House |
| 17:00 | Build | House |
| 17:01 | Build | House |
| 17:02 | Build | House |
| 17:52 | Build | Castle |
| 18:04 | Build | Farm |
| 18:05 | Build | Farm |
| 18:13 | Build | Farm |
| 18:32 | Build | Farm |
| 18:50 | Build | Farm |
| 19:09 | Create | Villager (Male) |
| 19:18 | Create | Villager (Male) |
| 19:18 | Create | Villager (Male) |
| 19:18 | Create | Villager (Male) |
| 19:18 | Create | Villager (Male) |
| 19:36 | Build | Farm |
| 20:02 | Build | Farm |
| 20:33 | Build | Farm |
| 20:51 | Create | War Elephant |
| 20:51 | Create | War Elephant |
| 20:51 | Create | War Elephant |
| 20:51 | Create | War Elephant |
| 21:06 | Research | Scale Barding Armor |
| 21:09 | Create | Villager (Male) |
| 21:10 | Create | Villager (Male) |
| 21:10 | Create | Villager (Male) |
| 21:10 | Create | Villager (Male) |
| 21:34 | Create | War Elephant |
| 21:34 | Create | War Elephant |
| 21:48 | Build | Farm |
| 21:54 | Research | Gold Mining |
| 22:08 | Create | War Elephant |
| 22:25 | Create | Villager (Male) |
| 22:25 | Create | Villager (Male) |
| 22:43 | Build | Farm |
| 22:48 | Create | Villager (Male) |
| 22:53 | Create | War Elephant |
| 22:53 | Create | War Elephant |
| 23:03 | Create | Petard |
| 23:12 | Build | Farm |
| 23:39 | Build | Farm |
| 23:49 | Research | Chain Barding Armor |
| 24:05 | Create | War Elephant |
| 24:32 | Create | War Elephant |
| 24:36 | Create | Petard |
| 24:48 | Create | Villager (Male) |
| 24:49 | Create | Villager (Male) |
| 25:12 | Create | War Elephant |
| 25:23 | Build | Farm |
| 25:55 | Create | War Elephant |
| 25:55 | Create | War Elephant |
| 26:16 | Create | War Elephant |
| 26:25 | Create | War Elephant |
| 26:25 | Create | War Elephant |
| 27:49 | Create | War Elephant |
| 27:49 | Create | War Elephant |
| 27:50 | Create | War Elephant |
| 27:50 | Create | War Elephant |
| 28:07 | Create | War Elephant |
| 28:38 | Create | War Elephant |
| 29:36 | Create | War Elephant |
| 29:36 | Create | War Elephant |
| 29:47 | Build | Barracks |
| 29:52 | Create | Villager (Male) |
| 29:52 | Create | Villager (Male) |
| 29:53 | Create | Villager (Male) |
| 29:53 | Create | Villager (Male) |
| 29:53 | Create | Villager (Male) |
| 29:53 | Create | Villager (Male) |
| 30:40 | Create | War Elephant |
| 30:40 | Create | War Elephant |
| 31:10 | Create | War Elephant |
| 31:10 | Create | War Elephant |
| 31:48 | Build | Town Center |
| 31:57 | Create | Villager (Male) |
| 31:57 | Create | Villager (Male) |
| 31:58 | Create | Villager (Male) |
| 31:58 | Create | Villager (Male) |
| 31:58 | Create | Villager (Male) |
| 31:58 | Create | Villager (Male) |
| 32:31 | Build | Farm |
| 32:32 | Build | Farm |
| 32:39 | Create | Villager (Male) |
| 32:39 | Create | Villager (Male) |
| 32:40 | Create | Villager (Male) |
| 32:40 | Create | Villager (Male) |
Match timeline
| 11:12 | Zanarkand · age_up feudal |
| 11:12 | Lanyco · age_up feudal |
| 11:30 | BIZONADE · age_up feudal |
| 11:34 | Xtasy · age_up feudal |
| 11:44 | Jack. · age_up feudal |
| 11:53 | mick · age_up feudal |
| 12:37 | Izaya · age_up feudal |
| 12:48 | saahilrasheedh7092 · age_up feudal |
| 13:16 | Zanarkand · first_market_buy 100 food |
| 13:19 | Zanarkand · first_market_sell 100 wood |
| 13:36 | Izaya · first_building Barracks |
| 14:33 | BIZONADE · age_up castle |
| 15:24 | Xtasy · first_market_buy 100 wood |
| 15:29 | Xtasy · age_up castle |
| 15:54 | Jack. · age_up castle |
| 15:57 | BIZONADE · first_building Monastery |
| 16:03 | Zanarkand · age_up castle |
| 16:12 | Zanarkand · first_building Monastery |
| 16:45 | Jack. · first_building Castle |
| 17:41 | Jack. · first_market_buy 100 stone |
| 18:47 | saahilrasheedh7092 · age_up castle |
| 19:03 | Izaya · first_market_sell 100 wood |
| 19:48 | Izaya · first_market_buy 100 food |
| 20:30 | BIZONADE · first_building Barracks |
| 20:59 | Izaya · first_building Archery Range |
| 21:23 | Lanyco · age_up castle |
| 21:23 | Zanarkand · first_building Barracks |
| 22:25 | Zanarkand · first_building Castle |
| 22:37 | mick · wall_segment Stone Wall x24 |
| 22:52 | saahilrasheedh7092 · first_building Monastery |
| 23:03 | Zanarkand · first_building Archery Range |
| 23:12 | Izaya · age_up castle |
| 23:35 | Lanyco · first_building Castle |
| 23:53 | mick · age_up castle |
| 24:13 | Izaya · first_building Monastery |
| 24:18 | mick · first_building Castle |
| 25:09 | Lanyco · first_market_buy 100 stone |
| 25:30 | Zanarkand · first_building Stable |
| 25:31 | Xtasy · first_building Castle |
| 25:43 | Xtasy · first_building Barracks |
| 25:55 | mick · first_building Barracks |
| 26:22 | saahilrasheedh7092 · first_building Castle |
| 27:12 | Izaya · wall_segment Stone Wall x19 |
| 27:32 | saahilrasheedh7092 · wall_segment Stone Wall x29 |
| 28:04 | Xtasy · first_market_sell 100 wood |
| 29:47 | Jack. · first_building Barracks |
| 30:14 | BIZONADE · first_building Castle |
| 30:16 | BIZONADE · age_up imperial |
| 31:38 | Jack. · first_market_sell 100 food |
| 31:50 | saahilrasheedh7092 · age_up imperial |
| 32:16 | mick · first_market_buy 100 food |
| 32:41 | Lanyco · wall_segment Stone Wall x18 |
| 32:47 | saahilrasheedh7092 · first_building Siege Workshop |
| 32:52 | BIZONADE · first_building Siege Workshop |
| 33:08 | BIZONADE · first_building Stable |
| 33:48 | Lanyco · wall_segment Stone Wall x2 |
| 34:26 | Zanarkand · age_up imperial |
| 35:13 | Xtasy · age_up imperial |
| 35:29 | Lanyco · first_market_sell 100 food |
| 35:33 | mick · age_up imperial |
| 36:44 | Jack. · first_building Archery Range |
| 38:20 | Jack. · age_up imperial |
| 38:39 | saahilrasheedh7092 · wall_segment Stone Wall x8 |
| 38:43 | Lanyco · age_up imperial |
| 39:45 | saahilrasheedh7092 · wall_segment Stone Wall x1 |
| 40:45 | saahilrasheedh7092 · wall_segment Stone Wall x35 |
| 42:10 | Izaya · age_up imperial |
| 43:23 | Xtasy · first_building Siege Workshop |
| 44:14 | Lanyco · wall_segment Stone Wall x7 |
| 44:59 | saahilrasheedh7092 · resign |
[ AI ANALYSIS · 1 CREDIT ]
What really happened in this match?
Wolo.gg analyzes every decision: build order, eco, micro, common mistakes by bracket. Personalized analysis on WhatsApp or Discord in 30 seconds.
Civ guide
Britons
Perfil
Jugador #18495313